 Dungeon Crawl Stone Soup version 0.29-a0-559-g359e09b (webtiles) character file.

Game seed: 13841373372122690209

1544 Illumine the Cleaver (level 9, 0/75 HPs)
             Began as a Meteoran Fighter on June 9, 2022.
             Slain by a yak (8 damage)
             ... on level 6 of the Dungeon.
             The game lasted 00:08:04 (1366 turns).

Illumine the Cleaver (Meteoran Fighter)             Turns: 1366, Time: 00:08:05

Health: 0/75       AC: 10    Str: 22    XL:     9   Next: 33%
Magic:  10/10      EV:  7    Int:  9    God:
Gold:   114        SH:  6    Dex: 15    Spells: 8/8 levels left

rFire   . . .      SeeInvis .   a - +0 war axe
rCold   . . .      Faith    .   c - +0 buckler
rNeg    . . .      Spirit   .   d - +0 chain mail
rPois   .          Reflect  .   (no helmet)
rElec   .          Harm     .   (no cloak)
rCorr   .          Rampage  .   (no gloves)
Will    +....                   (no boots)
Stlth   ..........              (no amulet)
HPRegen 0.22/turn               k - +4 ring of slaying
MPRegen 0.12/turn               (no ring)

@: about to teleport, glowing
A: sense surroundings 2, otherworldly, glowing, explore regen
a: no special abilities


You were on level 6 of the Dungeon.
You visited 1 branch of the dungeon, and saw 7 of its levels.
You also visited: Sewer.

You collected 114 gold pieces.

Inventory:

Hand Weapons
 a - a +0 war axe (weapon)
 b - a +0 hunting sling
Missiles
 o - 3 boomerangs
Armour
 c - a +0 buckler (worn)
 d - a +0 chain mail (worn)
 h - a +0 scale mail
Jewellery
 k - a +4 ring of slaying (left hand)
Scrolls
 g - 2 scrolls of enchant weapon
 i - 2 scrolls of blinking
 j - a scroll of silence {unknown}
 l - a scroll of immolation {unknown}
 m - a scroll of teleportation
Potions
 f - a potion of flight
 n - a potion of attraction {unknown}


   Skills:
 + Level 6.2 Fighting
 * Level 8.5 Axes
 + Level 6.8 Armour
 + Level 6.8 Shields


You had 8 spell levels left.
You didn't know any spells.
Your spell library contained the following spells:

 Spells                   Type           Power      Damage    Failure   Level
 Sandblast                Erth           0%         2d4       98%         1
 Blink                    Tloc           0%         N/A       99%         2
 Passwall                 Tmut/Erth      0%         N/A       99%         2
 Call Canine Familiar     Summ           0%         N/A       100%        3
 Portal Projectile        Hex/Tloc       0%         N/A       100%        3
 Stone Arrow              Conj/Erth      0%         3d7       100%        3
 Leda's Liquefaction      Hex/Erth       0%         N/A       100%        4
 Manifold Assault         Tloc           0%         N/A       100%        5
 Storm Form               Tmut/Air       0%         N/A       100%        7


Dungeon Overview and Level Annotations

Branches:
Dungeon (7/15)              Sewer (visited)
 Temple: D:4-7

Altars:
Wu Jian

Annotations:
D:4 2 runed translucent doors, Caerwyn's ghost, amateur SpEE
D:5 Edmund


Innate Abilities, Weirdness & Mutations

You passively map the area around you.
You are easily found by Zot.
You glow in the dark.
You regain HP and MP as you explore.


Message History

The yak barely misses you.
You hit the yak.
The yak is heavily wounded.
The yak barely misses you.
You hit the yak but do no damage.
The yak is heavily wounded.
The yak gores you.
You hit the yak.
The yak is heavily wounded.
The yak gores you. The yak closely misses you.
You slash the yak!
The yak is almost dead.
You block the yak's attack.
You slice the yak!!
You kill the yak!
You climb downwards.
You hear the roar of battle.
There is an entrance to a bailey on this level.
Hurry and find it before the portal closes forever!
The killer bee buzzes angrily.
The yak gores you. The yak gores you! You block the yak's attack.
The yak gores you but does no damage. The yak gores you!
The yak gores you but does no damage.
There is a stone staircase leading up, spattered with blood here.
The killer bee stings you but does no damage.
You block the killer bee's attack. The yak gores you.
The yak gores you but does no damage. The yak gores you.
You climb upwards.
There is a stone staircase leading down here.
Unknown command.
Okay, then.
As you read the scroll of teleportation, it crumbles to dust.
You feel strangely unstable. The yak gores you! x2
* * * LOW HITPOINT WARNING * * *
Unknown command.
You hit the yak.
The yak is lightly wounded.
You hit the yak. The yak gores you!
* * * LOW HITPOINT WARNING * * *
The yak gores you!
You die...

#♣♣♣♣♣♣≈♣♣ ♣
##≈♣♣.♣...♣♣♣
#..≈≈≈≈≈≈≈≈..
#..P♣♣♣.≈≈♣♣≈
#.♣♣♣ ♣..♣♣♣♣ ##.#
♣♣≈P♣** #..# ♣.≈≈♣
#####.#####♣P≈♣♣ ,
#@Yy.......♣♣.P♣
#Y###########.#.#+
#Y. , , ..... ####
* ** *# #...
#.#... #.#... *
#..... #####... *
, ........


You could see 3 yaks and a killer bee.

Vanquished Creatures
  3 yaks
  A black bear (D:5)
  An ice beast (D:5)
  An ogre (D:5)
  A centaur (D:5)
  A phantom (D:4)
  A bullfrog (D:7)
  A scorpion (D:5)
  3 hounds (D:5)
  2 jellies
  A gnoll shaman (D:5)
  An orc priest (D:6)
  Jessica (D:3)
  4 iguanas
  4 orc wizards
  2 adders
  5 gnolls (D:5)
  A river rat (D:3)
  A white imp (D:7)
  A worm (D:3)
  A dart slug (D:5)
  15 orcs
  2 ball pythons
  An endoplasm (D:4)
  3 giant cockroaches
  2 goblins
  5 hobgoblins
  A quokka (D:1)
  A frilled lizard (D:2)
  4 kobolds
  3 rats
74 creatures vanquished.

Notes
Turn   | Place    | Note
-------+----------+-------------------------------------------
     0 | D:1      | Illumine the Meteoran Fighter began the quest for the Orb.
     0 | D:1      | Reached XP level 1. HP: 19/19 MP: 2/2
    58 | D:2      | Reached XP level 2. HP: 20/26 MP: 3/3
   151 | D:2      | Reached skill level 3 in Axes
   257 | D:3      | Reached XP level 3. HP: 31/31 MP: 4/4
   268 | D:3      | Reached XP level 4. HP: 21/40 MP: 5/5
   284 | D:3      | Found a glowing drain.
   299 | Sewer    | Entered a sewer
   425 | D:4      | Found a large runed translucent door.
   425 | D:4      | Found a large runed translucent door.
   426 | D:4      | Noticed Caerwyn's ghost (amateur SpEE)
   435 | D:4      | Reached skill level 4 in Axes
   435 | D:4      | Reached XP level 5. HP: 37/46 MP: 6/6
   455 | D:3      | Noticed Jessica
   460 | D:3      | Killed Jessica
   512 | D:5      | Entered Level 5 of the Dungeon
   512 | D:5      | Noticed a centaur
   513 | D:5      | Noticed Edmund
   545 | D:4      | Reached XP level 6. HP: 32/52 MP: 7/7
   607 | D:5      | Noticed an ice beast
   622 | D:5      | Killed an ice beast
   623 | D:5      | Reached skill level 5 in Axes
   636 | D:5      | Noticed an ogre
   646 | D:5      | Reached XP level 7. HP: 17/60 MP: 8/8
   650 | D:5      | Found an ornate altar of the Wu Jian Council.
   723 | D:5      | Noticed a spectral centipede
   723 | D:5      | Noticed a spectral black mamba
   723 | D:5      | Noticed a spectral cane toad
   732 | D:5      | Reached skill level 5 in Armour
   732 | D:5      | Reached skill level 5 in Shields
   790 | D:5      | Reached skill level 6 in Axes
   802 | D:5      | HP: 3/60 [scorpion (3)]
   805 | D:5      | Reached skill level 5 in Fighting
   812 | D:5      | Reached XP level 8. HP: 20/68 MP: 9/9
   879 | D:5      | HP: 1/68 [gnoll shaman/+0 whip of venom (8)]
   886 | D:5      | You fall into a shaft and drop 2 floors!
   898 | D:7      | Reached skill level 7 in Axes
   922 | D:7      | Noticed a yak
   939 | D:7      | Killed a yak
   947 | D:7      | Noticed a yak
   962 | D:7      | Killed a yak
   963 | D:7      | Gained mutation: You passively map the area around you.
                  | [Meteoran growth]
   963 | D:7      | Reached XP level 9. HP: 22/75 MP: 10/10
  1122 | D:5      | Reached skill level 8 in Axes
  1366 | D:6      | Slain by a yak

Illustrated notes

Levels and vault maps discovered:
D:1:      minmay_arrival_hallway, layout_rooms, chequers_serial_rivers_large_b
D:2:      layout_basic, uniq_terence
D:3:      layout_basic, portal_sewer_entry_b, minmay_close_crescents,
          uniq_jessica, uniq_natasha
D:4:      layout_basic, ebering_ghost_disaster_area, uniq_pargi
D:5:      layout_rooms, pdpol_wu_jian_five_deadly_venoms,
          minmay_temple_entry_antechambers, kennysheep_flooded_box, uniq_edmund
D:6:      layout_basic, serial_bayou, serial_bayou_shore_b, serial_bayou_pond_c,
          serial_bayou_pond_a, serial_bayou_crossing, minmay_lizard_king
D:7:      layout_cave_pools, enter_bailey_1, gammafunk_ghost_grave,
          solitary_fountain, roderic_lattice_a

Skill      XL: |  1  2  3  4  5  6  7  8  9 |
---------------+----------------------------+-----
Axes           | 3 4 5 6 7 8 |  8.5
Armour         | 4 5 6 |  6.8
Shields        | 4 5 6 |  6.8
Fighting       | 4 5 6 |  6.2

Action                   |  1- 3 |  4- 6 |  7- 9 || total
-------------------------+-------+-------+-------++-------
Melee: War axe           |    47 |    70 |   158 ||   275
 Fire: Hunting sling     |     5 |       |     2 ||     7
  Use: Potion            |       |     1 |     5 ||     6
       Scroll            |       |       |     7 ||     7
Armor: Scale mail        |    38 |    22 |       ||    60
       Chain mail        |       |    15 |   102 ||   117
Dodge: Dodged            |    21 |    19 |    39 ||    79
Block: Buckler           |    16 |    21 |    49 ||    86

Table legend: (Time is in decaauts)
 A = Elapsed time spent in this place.
 B = Non-inter-level travel time spent in this place.
 C = Inter-level travel time spent in this place.
 D = Time resting spent in this place.
 E = Time spent auto-exploring this place.
 F = Levels seen in this place.
 G = Mean time per level.
                   A        B        C        D        E       F      G
               +--------+--------+--------+--------+--------+-----+--------+
         Total |   1466 |   1440 |     26 |    173 |    111 |   8 |  183.2 |
       Dungeon |   1424 |   1398 |     26 |    173 |    111 |   7 |  203.4 |
         Sewer |     41 |     41 |      0 |      0 |      0 |   1 |   41.0 |
               +--------+--------+--------+--------+--------+-----+--------+

Top non-repeatable levels by time:
     D:5: 420 daAuts
     D:4: 258 daAuts
     D:6: 224 daAuts
     D:2: 198 daAuts
     D:7: 149 daAuts
     D:3: 117 daAuts
     D:1: 55 daAuts
   Sewer: 41 daAuts
